 Dungeon Crawl Stone Soup version 0.29-a0-283-ga02f740833 (webtiles) character file.

Game seed: 10266078119158336760

234 sokol815 the Sneak (level 6, -1/36 HPs)
             Began as an Octopode Venom Mage on Mar 13, 2022.
             Was a Follower of Wu Jian.
             Splashed by a jelly's acid (9 damage)
             ... in a sewer.
             The game lasted 00:13:55 (4300 turns).

sokol815 the Sneak (Octopode Venom Mage)            Turns: 4300, Time: 00:13:56

Health: -1/36      AC:  1    Str:  8    XL:     6   Next: 5%
Magic:  9/9        EV: 13    Int: 19    God:    Wu Jian [*.....]
Gold:   199        SH:  0    Dex: 18    Spells: 3/9 levels left

rFire   . . .      SeeInvis .   a - +2 dagger (venom)
rCold   . . .      Faith    .   (no shield)
rNeg    + . .      Spirit   .   (helmet restricted)
rPois   .          Reflect  .   f - amulet of magic regeneration
rElec   .          Harm     .   b - +6 ring of dexterity
rCorr   .          Rampage  .   N - ring of positive energy {rN+}
Will    +....                   W - ring of willpower
Stlth   +++++.....              (no ring)
HPRegen 0.12/turn               (no ring)
MPRegen 0.51/turn               (no ring)
                                (no ring)
                                (no ring)

@: no status effects
A: almost no armour, amphibious, 8 rings, camouflage 1, gelatinous body 1,
nimble swimmer 1, tentacles
a: Renounce Religion


You were in a sewer.
You worshipped Wu Jian.
Wu Jian was aware of your devotion.
You visited 2 branches of the dungeon, and saw 5 of its levels.
You also visited: Sewer.

You collected 199 gold pieces.

Inventory:

Hand Weapons
 a - a +2 dagger of venom (weapon)
   (You took it off a goblin on level 1 of the Dungeon)
 e - a +0 hunting sling
   (You took it off a goblin on level 4 of the Dungeon)
Missiles
 h - 2 throwing nets {!d}
 l - 9 poisoned darts
 s - 64 stones
Magical Staves
 d - a staff of cold {rC+}
   (You found it on level 1 of the Dungeon)
Jewellery
 b - a +6 ring of dexterity (left tentacle)
   (You found it on level 1 of the Dungeon)
 f - an amulet of magic regeneration (around mantle)
   (You found it on level 3 of the Dungeon)
 N - a ring of positive energy (right tentacle) {rN+}
   (You found it on level 1 of the Dungeon)
 W - a ring of willpower (on tentacle)
   (You found it on level 2 of the Dungeon)
Potions
 c - 2 potions of cancellation
 i - a potion of haste {unknown}
 j - a potion of ambrosia {unknown}
 k - a potion of heal wounds {unknown}
 J - a potion of curing {@q1}
 M - a potion of magic


   Skills:
 + Level 2.3 Short Blades
 - Level 2.0 Dodging
 + Level 4.8 Stealth
 - Level 2.0 Spellcasting
 + Level 2.0 Conjurations
 - Level 1.0 Transmutations
 + Level 2.1 Air Magic
 * Level 4.6 Poison Magic


You had 3 spell levels left.
You knew the following spells:

 Your Spells              Type           Power      Damage    Failure   Level
a - Sting                 Tmut/Pois      48%        1d5       5%          1
b - Poisonous Vapours     Pois/Air       28%        N/A       6%          2
x - Mephitic Cloud        Conj/Pois/Air  13%        N/A       16%         3

Your spell library contained the following spells:

 Spells                   Type           Power      Damage    Failure   Level
 Magic Dart               Conj           36%        1d4       8%          1
 Wereblood                Tmut           6%         N/A       16%         2
 Call Imp                 Summ           1%         N/A       26%         2
 Sublimation of Blood     Necr           1%         N/A       26%         2
 Olgreb's Toxic Radiance  Pois           19%        N/A       24%         4
 Summon Hydra             Summ           0%         N/A       100%        7


Dungeon Overview and Level Annotations

Branches:
Dungeon (4/15)             Temple (1/1) D:4           Sewer (1/1)

Altars:
Wu Jian


Innate Abilities, Weirdness & Mutations

You cannot wear most types of armour.
You are amphibious.
You can wear up to eight rings at the same time.
Your skin changes colour to match your surroundings (Stealth+).
Your rubbery body absorbs attacks. (AC +1, EV +1)
You are camouflaged when in or above water. (Stealth+)
You have tentacles for arms and can constrict up to eight enemies at once.


Message History

The river rat moves out of view.
A ball python comes into view.
The endoplasm quivers.
The endoplasm jiggles.
You see here a frilled lizard corpse.
You closely miss the river rat. You grab the river rat.
You constrict the river rat, but do no damage.
You hit the river rat.
The river rat is poisoned.
You squeeze the river rat.
You constrict the river rat, but do no damage.
The river rat misses you.
You hit the river rat.
The river rat looks as sick as possible!
You constrict the river rat, but do no damage.
The river rat closely misses you.
You hit the river rat but do no damage.
The river rat looks as sick as possible!
You constrict the river rat, but do no damage.
You kill the river rat!
The Council accepts your kill.
You have reached level 6!
Health restored: 36; MP restored: 9 You see here a frilled lizard corpse.
The endoplasm freezes you.
You are frozen.
You take 4 damage, and have 32/36 hp.
You hit the endoplasm but do no damage.
The endoplasm is poisoned.
The endoplasm hits you.
You take 1 damage, and have 31/36 hp.
You hit the endoplasm.
You kill the endoplasm!
The Council accepts your kill.
You start resting.
Health restored: 36 You lunge at the worm.
You hit the worm.
The worm is poisoned.
You grab the worm. You constrict the worm. The worm bites you.
You take 3 damage, and have 33/36 hp.
You hit the worm. You squeeze the worm, but do no damage.
You constrict the worm. You hit the worm but do no damage.
The worm looks as sick as possible!
You squeeze the worm.
You constrict the worm, but do no damage.
The worm bites you!
You take 12 damage, and have 21/36 hp.
MASSIVE DAMAGE!!
You hit the worm.
The worm looks as sick as possible!
You constrict the worm. You hit the worm.
The worm looks as sick as possible!
You squeeze the worm. You constrict the worm.
You kill the worm!
The Council accepts your kill.
You can now lightly attack monsters by moving around them.
You start resting.
Health restored: 36 You see here a worm corpse.
The frilled lizard hisses angrily.
You lunge at the frilled lizard, in a flurry of attacks.
You barely miss the frilled lizard. Your grab misses the frilled lizard.
You squeeze the frilled lizard.
You kill the frilled lizard!
The Council accepts your kill.
You lunge at the ball python.
You hit the ball python.
You kill the ball python!
The Council accepts your kill.
A worm and a frilled lizard come into view.
The frilled lizard hisses.
You lunge at the frilled lizard, in a flurry of attacks.
You hit the frilled lizard.
You kill the frilled lizard!
The Council accepts your kill.
A frilled lizard comes into view.
You lunge at the worm.
The helpless worm fails to defend itself.
You impale the worm!!
You kill the worm!
The Council accepts your kill.
The frilled lizard hisses angrily.
You lunge at the frilled lizard.
You miss the frilled lizard. You grab the frilled lizard.
You squeeze the frilled lizard, but do no damage.
You constrict the frilled lizard. The frilled lizard bites you.
You take 3 damage, and have 33/36 hp.
You hit the frilled lizard.
You kill the frilled lizard!
The Council accepts your kill.
You see here a frilled lizard corpse.
A jelly comes into view.
The jelly quivers.
You lunge at the jelly.
You hit the jelly.
Your tentacles burn!
You squeeze the jelly. The jelly hits you.
You are splashed with acid!
You take 14 damage, and have 20/36 hp.
MASSIVE DAMAGE!!
You hit the jelly.
Your tentacles burn!
You squeeze the jelly. The jelly hits you.
You are splashed with acid!
* * * LOW HITPOINT WARNING * * *
You take 12 damage, and have 8/36 hp.
MASSIVE DAMAGE!!
Okay, then.
The jelly attacks as you move away! The jelly hits you.
* * * LOW HITPOINT WARNING * * *
You are splashed with acid!
You die...

##≈. #≈... #....
##### ≈.≈#
##≈≈.## #≈≈####
##≈≈J≈†##.≈≈#≈≈≈
#..≈#@≈.#..≈..≈.
#≈≈.##.≈.....≈##
##≈.≈##≈.≈.≈≈≈.#
##...#≈≈..##≈.!
[≈.##≈≈.≈≈## #
.≈##≈≈≈≈≈≈.#
###≈≈..##...≈≈
##.....## #≈...
#.†.≈.## #≈.#


You could see a jelly.

Vanquished Creatures
  A necrophage (D:4)
  An iguana (D:4)
  3 adders
  A river rat (Sewer)
  7 worms
  4 dart slugs
  An orc (D:4)
  14 endoplasms
  A giant cockroach (D:1)
  6 goblins
  7 hobgoblins
  3 jackals (D:1)
  7 kobolds
  3 quokkas
  6 ball pythons
  2 bats (D:1)
  7 frilled lizards
  12 rats
86 creatures vanquished.

Vanquished Creatures (others)
  20 plants
20 creatures vanquished.

Grand Total: 106 creatures vanquished

Notes
Turn   | Place    | Note
-------+----------+-------------------------------------------
     0 | D:1      | sokol815 the Octopode Venom Mage began the quest for the
                  | Orb.
     0 | D:1      | Reached XP level 1. HP: 11/11 MP: 3/3
   149 | D:1      | Reached skill level 3 in Stealth
   186 | D:1      | Reached XP level 2. HP: 17/17 MP: 5/5
   203 | D:1      | Reached skill level 1 in Short Blades
   204 | D:1      | HP: 3/17 [rat (2)]
   814 | D:1      | Reached XP level 3. HP: 21/21 MP: 2/6
   818 | D:1      | Learned a level 3 spell: Mephitic Cloud
  1367 | D:2      | Reached skill level 4 in Stealth
  1947 | D:2      | Reached skill level 1 in Conjurations
  1947 | D:2      | Reached skill level 1 in Air Magic
  2090 | D:2      | Reached XP level 4. HP: 23/27 MP: 4/7
  2967 | D:3      | Learned a level 2 spell: Poisonous Vapours
  2995 | D:3      | Found a faded altar of an unknown god.
  3492 | D:4      | HP: 5/27 [worm (11)]
  3493 | D:4      | HP: 2/27 [endoplasm (3)]
  3646 | D:4      | Noticed a necrophage
  3655 | D:4      | Found a staircase to the Ecumenical Temple.
  3660 | Temple   | Entered the Ecumenical Temple
  3724 | Temple   | Became a worshipper of the Wu Jian Council
  3751 | D:4      | Killed a necrophage
  3752 | D:4      | Reached skill level 2 in Short Blades
  3752 | D:4      | Reached skill level 4 in Poison Magic
  3752 | D:4      | Reached XP level 5. HP: 19/31 MP: 8/8
  3852 | D:4      | Reached skill level 2 in Air Magic
  3902 | D:4      | Reached skill level 2 in Conjurations
  3930 | D:4      | Found a glowing drain.
  3955 | Sewer    | Entered a sewer
  4088 | Sewer    | Reached XP level 6. HP: 36/36 MP: 9/9
  4139 | Sewer    | Reached * piety under Wu Jian
  4296 | Sewer    | HP: 8/36 [acid (10)]
  4300 | Sewer    | Splashed by a jelly's acid

Illustrated notes

Levels and vault maps discovered:
D:1:      roderic_octagonal_star, layout_loops_ring, minmay_quantized
D:2:      layout_basic, serial_forest, infiniplex_forest_lined_3,
          infiniplex_forest_end_1, infiniplex_forest_end_3,
          infiniplex_forest_clump_small, infiniplex_forest_end_1,
          infiniplex_forest_clump_C, infiniplex_forest_clump_curved,
          infiniplex_forest_lined_corner, minmay_misc_feat_columns,
          nicolae_figureground_sparkle
D:3:      cheibrodos_old_hovel, layout_loops_ring,
          hellmonk_ecumenical_altar_heavens_door, serial_bayou_lagoon_b
D:4:      layout_loops_corners, minmay_temple_entry_butterflies,
          portal_sewer_entry_a
Temple:   minmay_temple_curvy_branch
Sewer:    sewer_hellmonk_slimy_pipes

Skill      XL: |  1  2  3  4  5 |
---------------+----------------+-----
Stealth        | 3 4 |  4.8
Short Blades   | 1 2 |  2.3
Conjurations   | 1 2 |  2.0
Air Magic      | 1 2 |  2.1
Poison Magic   | 4 |  4.6
Dodging        | |  2.0
Spellcasting   | |  2.0
Transmutations | |  1.0

Action                   |  1- 3 |  4- 6 || total
-------------------------+-------+-------++-------
Melee: Dagger            |    46 |    87 ||   133
       Unarmed           |     3 |       ||     3
       Constrict         |    16 |    19 ||    35
       Punch             |     1 |       ||     1
       Tentacles         |    10 |    20 ||    30
 Cast: Sting             |    30 |    24 ||    54
Invok: Lunge             |       |    25 ||    25
  Use: Scroll            |     4 |     4 ||     8
       Potion            |       |     2 ||     2
 Stab: Sleeping          |     4 |    16 ||    20
       Distracted        |       |     1 ||     1
Armor: Skin              |     4 |     1 ||     5
Dodge: Dodged            |    26 |    20 ||    46

Table legend: (Time is in decaauts)
 A = Elapsed time spent in this place.
 B = Non-inter-level travel time spent in this place.
 C = Inter-level travel time spent in this place.
 D = Time resting spent in this place.
 E = Time spent auto-exploring this place.
 F = Levels seen in this place.
 G = Mean time per level.
                   A        B        C        D        E       F      G
               +--------+--------+--------+--------+--------+-----+--------+
         Total |   4289 |   4173 |    116 |    710 |   2511 |   6 |  714.8 |
       Dungeon |   3857 |   3762 |     95 |    493 |   2443 |   4 |  964.2 |
        Temple |     87 |     66 |     21 |      0 |     59 |   1 |   87.0 |
         Sewer |    343 |    343 |      0 |    217 |      9 |   1 |  343.0 |
               +--------+--------+--------+--------+--------+-----+--------+

Top non-repeatable levels by time:
     D:2: 1428 daAuts
     D:1: 1268 daAuts
     D:3: 774 daAuts
     D:4: 387 daAuts
   Sewer: 343 daAuts
  Temple: 87 daAuts

Table legend:
 A = Kills in this place as a percentage of kills in entire the game.
 B = Kills by you in this place as a percentage of kills by you in the entire game.
 C = Kills by friends in this place as a percentage of kills by friends in the entire game.
 D = Other kills in this place as a percentage of other kills in the entire game.
 E = Experience gained in this place as a percentage of experience gained in the entire game.
 F = Experience gained in this place divided by the number of levels of this place that you have seen.
                   A       B       C       D       E      F
               +-------+-------+-------+-------+-------+----------------------
         Total | 100.0 | 100.0 |   N/A |   N/A | 100.0 |  55.8
       Dungeon |  82.6 |  82.6 |   N/A |   N/A |  88.4 |  74.0
         Sewer |  17.4 |  17.4 |   N/A |   N/A |  11.6 |  39.0
               +-------+-------+-------+-------+-------+----------------------
